 Dungeon Crawl Stone Soup version 0.20.1-1-g8b1a95d (webtiles) character file.

43 VirginKiller the Skirmisher (level 3, 31/31 HPs)
             Began as a Demigod Gladiator on Sept 10, 2017.
             Got out of the dungeon alive.
             The game lasted 00:11:12 (1230 turns).

VirginKiller the Skirmisher (Demigod Gladiator)     Turns: 1230, Time: 00:11:13

Health: 31/31      AC:  4    Str: 19    XL:     3   Next: 20%
Magic:  5/5        EV: 13    Int: 12    God:
Gold:   28         SH:  0    Dex: 17    Spells: 2/2 levels left

rFire    . . .     SeeInvis .   a - +0 quarterstaff
rCold    . . .     Gourm    .   (shield currently unavailable)
rNeg     . . .     Faith    .   b - +0 leather armour
rPois    .         Spirit   .   c - +0 helmet
rElec    .         Reflect  .   (no cloak)
rCorr    .         Harm     .   (no gloves)
MR       .....                  (no boots)
Stlth    +.........             (no amulet)
Regen    0.1/turn               (no ring)
MPRegen  0.1/turn               (no ring)

@: no status effects
A: high mp 1
a: no special abilities


You escaped.
You were not hungry.

You visited 1 branch of the dungeon, and saw 2 of its levels.

You collected 28 gold pieces.

Inventory:

Hand Weapons
 a - a +0 quarterstaff (weapon)
 i - a +0 club
 o - a +0 spear
Missiles
 d - 2 throwing nets (quivered)
 e - 52 stones
 s - 6 bolts
Armour
 b - a +0 leather armour (worn)
 c - a +0 helmet (worn)
Scrolls
 k - a scroll of teleportation {unknown}
 p - a scroll of remove curse {unknown}
 q - a scroll of identify {unknown}
 r - a scroll of random uselessness {unknown}
Potions
 h - 2 potions of agility {unknown}
 j - a potion of heal wounds {unknown}
 n - a potion of flight {unknown}
 t - a potion of might {unknown}
Comestibles
 f - a bread ration
 g - 2 chunks of flesh
 l - a royal jelly
 m - 2 meat rations


   Skills:
 * Level 3.4 Fighting
 - Level 2.6 Staves
 - Level 1.7 Throwing
 - Level 2.6 Dodging


You had 2 spell levels left.
You didn't know any spells.

Dungeon Overview and Level Annotations

Branches:
Dungeon (2/15)


Innate Abilities, Weirdness & Mutations

You have an increased reservoir of magic. (+10% MP)


Message History

Press ? for a list of commands and other information.
Welcome back, VirginKiller the Demigod Gladiator.
Press ? for a list of commands and other information.
There is an open door here.
There is an open door here.
There is an open door here.
There is an open door here.
There is an open door here.
There is an open door here.
There is an open door here.
There is a dry fountain here.
There is an open door here.
There is an open door here.
There is an open door here.
There is an open door here.
There is an open door, spattered with blood here.
There is an open door here.
There is a staircase leading out of the dungeon here.
Are you sure you want to leave the Dungeon?
This will make you lose the game!
You have escaped!

#....#...'...'...'...#.#.#
#....#...#...#...#...#.#.###
#....######'#######'##......
#....#...#...#...#...#......
###..'...#...#...#...#.....#
#.##...#...#...#...#.....#
#÷###'###'###'###'##......
#..#...#...#...#...#......
##.#...#.@.'...#.⌠.#......
#.#...#...#...#...#......
#.##'###########'##......
#.#...#...#...#...#..#...
#.#...'...'...'...#......
#.#...#...#...#...#.....#
#.#################......
#.......######[..........
####............).###..#.#.


There were no monsters in sight!

Vanquished Creatures
  A worm (D:1)
  2 dart slugs (D:1)
  3 leopard geckos (D:1)
  6 bats (D:1)
  A giant cockroach (D:1)
  5 goblins
  4 hobgoblins (D:1)
  A jackal (D:1)
  2 ball pythons (D:1)
  A frilled lizard (D:1)
  A kobold (D:2)
  3 rats (D:1)
30 creatures vanquished.

Notes
Turn   | Place    | Note
-------+----------+-------------------------------------------
     0 | D:1      | VirginKiller the Demigod Gladiator began the quest for the Orb.
     0 | D:1      | Reached XP level 1. HP: 17/17 MP: 3/3
    59 | D:1      | Reached skill level 2 in Fighting
   157 | D:1      | Reached XP level 2. HP: 3/25 MP: 4/4
   574 | D:1      | Reached skill level 3 in Fighting
   852 | D:1      | Reached XP level 3. HP: 30/31 MP: 5/5
  1230 | D:$      | Got out of the dungeon alive.

Skill      XL: |  1  2 |
---------------+-------+-----
Fighting       | 2 3 |  3.4
Staves         | |  2.6
Throwing       | |  1.7
Dodging        | |  2.6

Action                   || total
-------------------------++-------
Melee: Quarterstaff      ||    89
Throw: Throwing net      ||     1
 Stab: Sleeping          ||     1
  Eat: Chunk             ||     1
Armor: Leather armour    ||    24
Dodge: Dodged            ||    76
